Map: 2000 Atmospheres LE

Players

Jam

  • Race: Terran Terran
  • League: Diamond

ViBE - Winner!

  • Race: Zerg Zerg
  • League: Diamond

VOD

Have the link to the VOD?

Description

Time

  • Played on: April 11, 2021, 12:14 a.m.
  • Length: 12:22
Show
View Real Time Build Order
Export as new Build Order

Jam Terran 

Build Orders: 2 Factory, Mech 

Get SALT Encoding   

  12  0:00  SCV  
  13  0:12  SCV  
  14  0:17  Supply Depot  
  14  0:25  SCV  
  15  0:28  Refinery  
  15  0:38  SCV  
  16  0:44  Barracks  
  16  0:50  SCV  
  16  0:55  Refinery  
  17  1:03  SCV  
  18  1:15  SCV  
  19  1:27  SCV  
  19  1:32  Factory  
  20  1:35  Barracks Reactor  
  20  1:39  Orbital Command  
  20  1:50  Supply Depot  
  20  2:04  Factory  
  20  2:05  SCV  
  21  2:22  Widow Mine, SCV  
  24  2:28  Supply Depot  
  24  2:34  SCV  
  25  2:39  Widow Mine  
  27  2:46  Widow Mine, SCV  
  27  2:48  Factory Tech Lab  
  30  2:52  Armory  
  30  3:00  Widow Mine, SCV  
  33  3:09  Siege Tank  
  33  3:12  SCV  
  37  3:20  Supply Depot  
  37  3:29  Hellion  
  37  3:33  Supply Depot  
  39  3:41  Siege Tank  
  39  3:42  Hellion  
  44  3:52  Hellion  
  44  3:54  Drilling Claws  
  46  4:03  Hellion  
  46  4:07  Supply Depot  
  48  4:14  Hellion, Siege Tank  
  53  4:24  Supply Depot  
  53  4:25  Widow Mine  
  55  4:35  Widow Mine  
  57  4:42  Supply Depot  
  57  4:46  Hellion  
  57  4:48  Siege Tank  
  62  4:57  Hellion  
  64  5:07  Hellion  
  64  5:08  Supply Depot  
  64  5:12  Infernal Pre-Igniter  
  66  5:18  Hellion  
  68  5:39  Thor  
  68  5:40  Hellion x2  
  78  5:51  Factory  
  70  6:11  SCV  
  63  6:22  Widow Mine  
  63  6:23  Widow Mine  
  57  6:32  Engineering Bay  
  57  6:35  Thor  
  63  6:40  Command Center  
  63  6:44  Factory Tech Lab  
  63  7:01  Missile Turret  
  63  7:06  Missile Turret  
  57  7:16  SCV, Command Center  
  57  7:17  Widow Mine  
  60  7:29  Missile Turret  
  60  7:39  Terran Vehicle Weapons Level 1  
  60  7:43  Missile Turret  
  60  7:47  SCV  
  60  7:48  Widow Mine x2  
  65  7:59  SCV  
  66  8:06  Missile Turret  
  66  8:11  SCV  
  67  8:24  Thor  
  73  8:28  Starport  
  73  8:32  Missile Turret  
  74  8:41  SCV  
  74  8:47  Missile Turret  
  74  8:53  SCV  
  65  9:18  SCV  
  65  9:19  Starport Reactor  
  65  9:23  Widow Mine x3  
  72  9:29  Planetary Fortress  
  72  9:30  SCV  
  71  9:44  SCV  
  72  9:45  Missile Turret  
  72  9:56  SCV  
  72  9:57  Widow Mine x2  
  60  10:08  SCV  
  46  10:34  Hellion x2, Command Center  
  90  10:35  Viking  
  50  10:38  SCV  
  53  10:50  SCV  
  53  10:55  Hellion x2  
  58  11:07  Barracks  
  58  11:16  Hellion  
  58  11:18  Hellion  
  62  11:38  Hellion  
Show
View Real Time Build Order
Export as new Build Order

ViBE Zerg - Winner!

Build Orders: Hatch First, Muta Ling Bane 

Get SALT Encoding   

  12  0:00  Drone  
  13  0:13  Overlord  
  13  0:17  Drone  
  14  0:32  Drone  
  14  0:33  Drone  
  16  0:48  Hatchery  
  15  0:52  Drone  
  15  0:56  Drone  
  17  0:59  Drone  
  18  1:10  Extractor  
  17  1:14  Spawning Pool  
  17  1:17  Drone  
  17  1:22  Drone  
  18  1:30  Drone  
  19  1:45  Overlord  
  19  1:57  Drone  
  19  2:01  Queen x2  
  20  2:02  Zergling x4  
  26  2:15  Metabolic Boost  
  26  2:22  Drone x3  
  29  2:26  Spine Crawler  
  28  2:30  Drone  
  28  2:36  Overlord  
  29  2:38  Drone  
  29  2:41  Queen  
  32  2:45  Drone  
  32  2:47  Drone  
  34  2:55  Lair  
  34  3:00  Overlord  
  34  3:13  Overlord  
  34  3:17  Drone  
  34  3:18  Drone, Overlord  
  36  3:25  Drone x5  
  41  3:31  Drone x2  
  43  3:44  Overlord  
  43  3:45  Overlord  
  43  3:52  Drone x6  
  49  3:56  Extractor  
  49  3:59  Extractor  
  49  4:01  Extractor, Drone x2  
  48  4:06  Spire  
  48  4:09  Drone  
  49  4:10  Drone  
  49  4:18  Drone  
  50  4:26  Drone x3  
  50  4:27  Overseer  
  50  4:28  Zergling x4  
  50  4:29  Zergling x4  
  57  4:36  Drone  
  58  4:45  Baneling Nest  
  57  4:48  Overlord x2  
  57  4:50  Hatchery  
  56  4:55  Zergling x4  
  57  5:09  Zergling x2  
  57  5:10  Zergling x14  
  65  5:25  Mutalisk  
  65  5:26  Mutalisk x2  
  71  5:30  Mutalisk  
  73  5:36  Mutalisk x3  
  79  5:44  Zergling x8  
  83  5:54  Zergling x2  
  83  5:55  Zergling x2  
  64  6:17  Mutalisk x3  
  64  6:18  Mutalisk  
  70  6:21  Zergling x12  
  76  6:27  Drone  
  76  6:29  Queen  
  79  6:37  Hatchery  
  79  6:38  Centrifical Hooks, Zergling x4  
  80  6:41  Mutalisk  
  82  6:50  Overlord  
  82  6:51  Overlord  
  80  7:10  Mutalisk  
  80  7:11  Mutalisk x3  
  88  7:28  Mutalisk  
  88  7:29  Mutalisk  
  92  7:30  Overlord x5  
  91  7:57  Zergling x26  
  99  8:11  Zergling x8  
  103  8:24  Queen  
  105  8:28  Drone x6  
  111  8:36  Extractor  
  111  8:39  Extractor  
  111  8:40  Baneling x2  
  111  8:41  Baneling x29  
  109  8:42  Zergling x2  
  109  8:43  Zergling x8  
  114  8:50  Zergling x8  
  113  9:20  Zergling x24  
  125  9:29  Zergling x10  
  131  9:45  Zergling x6  
  131  9:46  Zergling x4  
  91  10:14  Mutalisk x2  
  91  10:15  Mutalisk x5  
  100  10:24  Mutalisk x2  
  98  11:01  Mutalisk  
  98  11:02  Mutalisk x11  
  122  11:04  Zergling x2  
  122  11:05  Zergling x6  
  126  11:13  Zergling x2  
  126  11:14  Zergling x2  
  128  11:20  Overseer  
  128  11:22  Zergling x4  
  128  11:24  Overlord  
  128  11:25  Overlord x3  
  130  11:26  Overlord x2  
  130  11:43  Zergling x8  
  134  11:49  Zergling x16  
  134  11:50  Zergling x8  
  146  11:57  Zergling x2  
Tags
 
Add a new tag
Caveats
  • Supply blocks, unpowered buildings, or Contaminate may cause inaccurate times.
  • Supply counts are checked every 10 seconds.